 Dungeon Crawl Stone Soup version 0.20-a0-700-gbd4582c (webtiles) character file.

4 oplop the Stinger (level 1, -5/11 HPs)
             Began as an Octopode Venom Mage on Feb 20, 2017.
             Killed from afar by Natasha (9 damage)
             ... with a magic dart
             ... on level 2 of the Dungeon.
             The game lasted 00:01:49 (913 turns).

oplop the Stinger (Octopode Venom Mage)              Turns: 913, Time: 00:01:50

Health: -5/11      AC:  1    Str:  7    XL:     1   Next: 70%
Magic:  3/3        EV: 13    Int: 17    God:
Gold:   63         SH:  0    Dex: 12    Spells: 3/4 levels left

rFire    . . .     SeeInvis .   (no weapon)
rCold    . . .     Gourm    .   (no shield)
rNeg     . . .     Faith    .   (helmet restricted)
rPois    .         Spirit   .   (no amulet)
rElec    .         Reflect  .   (no ring)
rCorr    .         Harm     .   (no ring)
MR       .....                  (no ring)
Stlth    +++.......             (no ring)
Regen    0.1/turn               (no ring)
MPRegen  0.1/turn               (no ring)
                                (no ring)
                                (no ring)

@: no status effects
A: almost no armour, stealthy swim, amphibious, 8 rings, constrict 8, camouflage
1, gelatinous body 1
a: no special abilities


You were on level 2 of the Dungeon.
You were not hungry.

You visited 1 branch of the dungeon, and saw 2 of its levels.

You collected 63 gold pieces.

Inventory:

Jewellery
 e - an uncursed amulet of faith {unknown}
Scrolls
 f - a scroll of enchant armour {unknown}
 h - a scroll of amnesia {unknown}
Potions
 c - a potion of curing {unknown}
 d - a potion of mutation {unknown}
 g - 3 potions of flight {unknown}
Books
 a - a Young Poisoner's Handbook

   Spells                             Type                      Level
   a - Sting                          Conjuration/Poison           1
   b - Poisonous Vapours              Poison/Air                   2
   c - Mephitic Cloud                 Conjuration/Poison/Air       3
   d - Olgreb's Toxic Radiance        Poison                       4
   e - Venom Bolt                     Conjuration/Poison           5
Comestibles
 b - 3 bread rations


   Skills:
 - Level 2.0 Dodging
 - Level 2.6 Stealth
 + Level 2.1 Spellcasting
 + Level 1.0 Conjurations
 + Level 3.9 Poison Magic


You had 3 spell levels left.
You knew the following spells:

 Your Spells              Type           Power        Failure   Level  Hunger
a - Sting                 Conj/Pois      ##..         10%         1    #......


Dungeon Overview and Level Annotations

Branches:
Dungeon (2/15)

Altars:

Annotations:
D:2 Natasha


Innate Abilities, Weirdness & Mutations

You cannot wear most types of armour.
You are very stealthy in the water. (Stealth+)
You are amphibious.
You can wear up to eight rings at the same time.
You can use your tentacles to constrict eight enemies at once.
Your skin changes colour to match your surroundings (Stealth+).
Your rubbery body absorbs attacks. (AC +1, EV +1)


Message History

Natasha, Servant of Life and Death comes into view.
Natasha hisses angrily.
Natasha is nearby!
Natasha is nearby!
Natasha is nearby!
Natasha is nearby!
Natasha mumbles some strange words.
The crimson imp shouts, "Escape, thou bawdy swag-bellied prigger-of-prances!"
The crimson imp blinks!
Natasha mumbles some strange words.
The crimson imp blinks!
Natasha wildly gestures.
You feel disoriented. Natasha casts a spell at you. The magic dart hits you!
Ouch! That really hurt!
Natasha stares at you and mumbles some strange words.
The magic dart hits you!
Ouch! That really hurt!
You die...

.#.##..# #.............# .#.##..#
#..)..........# .#.###.#
#########.....########## .#.# #.#
#.....##........ .#.# #.##
#.....##........ .#.# #..#
#.....##........
.#.###..##########..........####.
..................)..............
##'###..........@................
#...#..####.####......#####.....
#...#..# #.# #......# #.....
#...#..# #.# ##.###### #####.
#...#... #.# #....# #. ##.###.#.#
#.# #....# #. ##.# #.#.. #.#
#..5.# #. #.# #.# #.h..# .# #.#
#....#


You could see Natasha and a crimson imp.

Vanquished Creatures
  2 hobgoblins (D:1)
  A frilled lizard (D:1)
  2 kobolds (D:1)
5 creatures vanquished.

Notes
Turn   | Place    | Note
-------+----------+-------------------------------------------
     0 | D:1      | oplop the Octopode Venom Mage began the quest for the Orb.
     0 | D:1      | Reached XP level 1. HP: 11/11 MP: 3/3
   456 | D:1      | oplop: охуенный вм, да
   456 | D:1      | Wingboner: Изменения: новое очень крутое заклинание 2 уровня, убрали лечение яда, радиация не травит кастера.
   456 | D:1      | oplop: унижение от слизи
   861 | D:2      | Wingboner: Тебе до 2 уровня главное дожить.
   861 | D:2      | Wingboner: А там начинается жара.
   896 | D:2      | Noticed Natasha
   899 | D:2      | Noticed a crimson imp
   910 | D:2      | Noticed a crimson imp
   913 | D:2      | Killed from afar by Natasha

Vault maps used:
D:1:      dpeg_arrival_refuge
D:2:      cheibrodos_helix_gallery, nicolae_overflow_hidden_temple,
          tso_oasis_becter, uniq_natasha, uniq_robin

Action                   || total
-------------------------++-------
Melee: Unarmed           ||     6
       Tentacles         ||     1
 Cast: Sting             ||    13
 Stab: Sleeping          ||     1
Armor: Skin              ||     1
Dodge: Dodged            ||     6
